 Dungeon Crawl Stone Soup version 0.29-a0-338-g1ff7896281 (webtiles) character file.

Game seed: 10299421547750899572

5026 Dauddaud the Severer (level 10, -12/91 (117) HPs)
             Began as a Minotaur Berserker on Apr 18, 2022.
             Was an Elder of Trog.
             Mangled by a gnoll
             ... wielding a +2 halberd of electrocution
              (18 damage)
             ... in a bailey.
             The game lasted 00:21:55 (9622 turns).

Dauddaud the Severer (Minotaur Berserker)           Turns: 9622, Time: 00:21:56

HP:   -12/91 (117)  AC: 25    Str: 27    XL:     10   Next: 30%
MP:   9/9           EV:  2    Int:  4    God:    Trog [****..]
Gold: 444           SH:  0    Dex:  9    Spells: 9/9 levels left

rFire   . . .      SeeInvis .   r - +0 war axe
rCold   . . .      Faith    .   (no shield)
rNeg    . . .      Spirit   .   (body armour currently unavailable)
rPois   +          Reflect  .   (helmet currently unavailable)
rElec   .          Harm     .   (cloak currently unavailable)
rCorr   .          Rampage  .   (gloves currently unavailable)
Will    .....      NoTele   +   (boots currently unavailable)
Stlth   +.........              (no amulet)
HPRegen 0.25/turn               e - ring of ice
MPRegen 0.11/turn               y - ring of fire

@: brilliant, tree-form (expiring), on berserk cooldown, slowed, heavily
drained, very slow
A: stationary, stasis, torment immunity, boosted hp, (horns 2), (retaliatory
headbutt)
a: Renounce Religion, Berserk, Trog's Hand, Brothers in Arms


You were in a bailey.
You worshipped Trog.
Trog was greatly pleased with you.
You were a tree.
You visited 1 branch of the dungeon, and saw 8 of its levels.
You also visited: Sewer and Bailey.

You collected 444 gold pieces.

Inventory:

Hand Weapons
 a - a +0 hand axe
 r - a +0 war axe (weapon)
 C - a +0 halberd
Missiles
 B - 2 throwing nets (quivered)
Armour
 d - a +0 pair of gloves (melded)
 o - a +0 cloak (melded)
 p - a +0 plate armour (melded)
Jewellery
 e - a ring of ice (left branch)
 y - a ring of fire (right branch)
 F - a ring of poison resistance
Wands
 E - a wand of flame (24)
Scrolls
 b - a scroll of immolation
 c - a scroll of enchant weapon {unknown}
 f - 2 scrolls of teleportation
 i - a scroll of holy word
 l - a scroll of enchant armour
 t - a scroll of amnesia
 v - 2 scrolls of magic mapping
 w - a scroll of blinking
 A - 2 scrolls of fog
 D - a scroll of fear
Potions
 g - 2 potions of cancellation {unknown}
 h - 2 potions of flight
 j - 4 potions of lignification
 k - a potion of curing
 m - 3 potions of brilliance
 n - 2 potions of haste {unknown}
 q - a potion of invisibility
 s - 2 potions of heal wounds {unknown}
 u - 2 potions of might {unknown}
 x - a potion of degeneration {unknown}
 z - a potion of magic {unknown}
 G - a potion of resistance {unknown}


   Skills:
 - Level 3.7 Fighting
 + Level 17.9 Axes
 - Level 2.6 Armour
 - Level 2.3 Dodging


You had 9 spell levels left.
You didn't know any spells.
Your spell library was empty.

Dungeon Overview and Level Annotations

Branches:
Dungeon (8/15)             Temple (0/1) D:7           Sewer (visited)
 Bailey (1/1)
   Lair: D:8-11

Altars:
Cheibriados
Dithmenos
Elyvilon
Kikubaaqudgha
Makhleb
Okawaru
Qazlal
Ru
Trog
Uskayaw
Xom
Zin

Shops:
D:1 (   D:7 ((*?


Innate Abilities, Weirdness & Mutations

You are a tree.
Your roots penetrate the ground, keeping you stationary.
You cannot be teleported.
You are immune to unholy pain and torment.
Your maximum health is greatly increased.
Your equipment is partially melded.
((You have a pair of horns on your head.))
((You reflexively headbutt those who attack you in melee.))


Message History

You feel clever all of a sudden.
Your skin stops crawling.
You feel less strong-willed.
The orc no longer looks unusually strong.
It was a potion of flight.
Your roots keep you in place.
Something hits you but does no damage.
You feel drained. Something hits you but does no damage.
You feel drained.
You cannot move.
You cannot move.
You swing at nothing.
Something hits you but does no damage.
You feel drained.
You swing at nothing.
Something hits you but does no damage.
You feel drained. The orc hits you but does no damage.
You swing at nothing.
Something hits you.
* * * LOW HITPOINT WARNING * * *
You feel drained. The orc barely misses you.
You swing at nothing.
Something hits you!
* * * LOW HITPOINT WARNING * * *
You feel drained.
* * * LOW HITPOINT WARNING * * *
The orc hits you from afar with a +0 halberd.
* * * LOW HITPOINT WARNING * * *
It was a potion of curing.
You feel better.
Your transformation is almost over.
The orc hits you but does no damage. Something hits you.
* * * LOW HITPOINT WARNING * * *
You feel drained. The orc hits you but does no damage.
The orc hits you from afar with a +0 trident!
* * * LOW HITPOINT WARNING * * *
A gnoll breaks down the door.
The orc hits you but does no damage. Something hits you.
* * * LOW HITPOINT WARNING * * *
You feel drained.
You cannot move.
You cannot move.
You swing at nothing.
The orc no longer looks unusually strong.
The orc hits you but does no damage. Something hits you but does no damage.
You feel drained. The orc hits you but does no damage.
You swing at nothing.
The orc hits you but does no damage. The gnoll hits you but does no damage.
You are electrocuted!!
You die...

+..⌠..')#)'..∩..+
#.....#####.....#
##.....## ##.....#
##'##'##'###'##+##+
#)###)###.#)## #)#
### ##### #.##
##.#g#
##'##+##'###+ '##'
##♣....## !..#
#.....### !.!.#
goo{..')# o⌠.!+
##.....### o).!
#.....## #o)
+##+##'###o# ##)).#
#####


You could see a gnoll and 2 orcs.

Vanquished Creatures
  An orc knight (Bailey)
  A wyvern (D:7)
  5 yaks (D:5)
  3 steam dragons
  3 orc warriors
  An ice beast (D:8)
  2 sky beasts
  3 black bears
  3 ogres
  2 phantoms (D:4)
  A kobold brigand (D:7)
  A gnoll sergeant (D:7)
  2 bullfrogs (Sewer)
  3 scorpions
  2 necrophages (D:6)
  A howler monkey (D:6)
  7 hounds
  7 orc priests
  A jelly (D:4)
  4 iguanas
  10 orc wizards
  12 adders
  13 gnolls
  A river rat (D:5)
  2 shadow imps
  A white imp (D:7)
  2 worms
  A dart slug (D:4)
  34 orcs
  20 endoplasms
  16 giant cockroaches
  11 hobgoblins
  4 jackals (D:1)
  19 quokkas
  18 ball pythons
  5 bats
  9 frilled lizards (Sewer)
  8 goblins
  9 kobolds
  6 rats
254 creatures vanquished.

Vanquished Creatures (collateral kills)
  A black bear (D:6)
  A necrophage (D:6)
  A howler monkey (D:6)
  An orc priest (D:6)
  An orc wizard (D:6)
  A gnoll (Bailey)
  An orc (Bailey)
7 creatures vanquished.

Grand Total: 261 creatures vanquished

Notes
Turn   | Place    | Note
-------+----------+-------------------------------------------
     0 | D:1      | Dauddaud the Minotaur Berserker began the quest for the
                  | Orb.
     0 | D:1      | Reached XP level 1. HP: 19/19 MP: 0/0
   135 | D:1      | Reached skill level 4 in Axes
   135 | D:1      | Reached XP level 2. HP: 23/27 MP: 1/1
   458 | D:1      | Found a faded altar of an unknown god.
   685 | D:1      | Found Leoc's Weapon Shoppe.
   870 | D:1      | Reached XP level 3. HP: 31/33 MP: 2/2
  1102 | D:2      | You fall into a shaft and drop 1 floor!
  1103 | D:3      | Reached ** piety under Trog
  1150 | D:3      | Reached skill level 5 in Axes
  1784 | D:2      | Reached XP level 4. HP: 40/40 MP: 3/3
  2227 | D:3      | Reached skill level 6 in Axes
  2784 | D:4      | Reached XP level 5. HP: 46/46 MP: 4/4
  2804 | D:4      | Reached skill level 7 in Axes
  2942 | D:4      | Noticed a black bear
  2947 | D:4      | Killed a black bear
  3018 | D:4      | Reached XP level 6. HP: 48/52 MP: 5/5
  3022 | D:4      | Reached skill level 8 in Axes
  3120 | D:4      | Reached *** piety under Trog
  3189 | D:4      | Noticed an orc warrior
  3199 | D:4      | Killed an orc warrior
  3200 | D:4      | Reached skill level 9 in Axes
  3368 | D:4      | Found a stormy altar of Qazlal.
  3371 | D:4      | Found an ancient bone altar of Kikubaaqudgha.
  3379 | D:4      | Reached XP level 7. HP: 52/58 MP: 6/6
  3412 | D:4      | Found a snail-covered altar of Cheibriados.
  3415 | D:4      | Found a shimmering altar of Xom.
  3418 | D:4      | Found a hide-covered altar of Uskayaw.
  3441 | D:4      | Found a shadowy altar of Dithmenos.
  3452 | D:4      | Reached skill level 10 in Axes
  4045 | D:4      | Reached skill level 11 in Axes
  4160 | D:4      | Noticed a steam dragon
  4170 | D:4      | Killed a steam dragon
  4171 | D:4      | Reached XP level 8. HP: 64/66 MP: 7/7
  4309 | D:5      | Entered Level 5 of the Dungeon
  4365 | D:5      | Found a bloodstained altar of Trog.
  4380 | D:5      | Reached skill level 12 in Axes
  4417 | D:5      | Found a white marble altar of Elyvilon.
  4744 | D:5      | Reached **** piety under Trog
  4789 | D:5      | Found a glowing drain.
  4794 | Sewer    | Entered a sewer
  5184 | Sewer    | Reached ***** piety under Trog
  5212 | Sewer    | Reached skill level 13 in Axes
  5442 | D:5      | Reached skill level 14 in Axes
  5443 | D:5      | Reached XP level 9. HP: 65/71 MP: 8/8
  5739 | D:6      | Reached skill level 15 in Axes
  5794 | D:6      | Reached skill level 16 in Axes
  7336 | D:7      | Found Becsyef's Assorted Antiques.
  7336 | D:7      | Found Zaocwacs's Antique Weapon Boutique.
  7352 | D:7      | Reached XP level 10. HP: 25/78 MP: 9/9
  7352 | D:7      | Found Iguwnufi's Weapon Boutique.
  7725 | D:7      | Found Imoden's Magic Scroll Boutique.
  7783 | D:7      | Reached skill level 17 in Axes
  8100 | D:7      | Found a sacrificial altar of Ru.
  8309 | D:7      | Identified the +2 leather armour "Dietabrao" {Str+5}
  8628 | D:7      | Found a burning altar of Makhleb.
  8629 | D:7      | Found a glowing silver altar of Zin.
  8630 | D:7      | Noticed a cacodemon
  8630 | D:7      | Noticed an angel
  8658 | D:7      | Found an iron altar of Okawaru.
  8857 | D:7      | Found a staircase to the Ecumenical Temple.
  8950 | D:8      | Found a flagged portal.
  9055 | Bailey   | Entered a bailey
  9582 | Bailey   | Noticed an orc knight
  9608 | Bailey   | Killed an orc knight
  9622 | Bailey   | Mangled by a gnoll

Illustrated notes

Levels and vault maps discovered:
D:1:      wander_arrival_peaceful_grave, layout_basic, serial_shops, shop,
          nicolae_ecumenical_snake_handling
D:2:      layout_loops_corners, amcnicky_mini_rare_corridor_liquid,
          corexii_corridor_pit, minmay_tetromino_l2
D:3:      layout_basic, minmay_misc_feat_roman
D:4:      layout_cave_pools, nicolae_overflow_hallway_of_the_gods,
          grunt_ministairs_11, minmay_divided_ellipse
D:5:      layout_cave_pods, elyvilon_altar_1, overflow_temple_1_default,
          gup_sewer_entry_bowl, kennysheep_decorative_pillar
D:6:      layout_basic, grunt_decor_mini_mirrors, minmay_circle_x
D:7:      layout_cave_pools, grunt_temple_overflow_order_and_chaos_2,
          mainiacjoe_overflow_alcove_1, mainiacjoe_overflow_catwalk,
          lemuel_temple_firewalk_a, minmay_shop_grid_forest
D:8:      layout_loops_cross, mainiacjoe_overflow_tiny_flanked, enter_bailey_5,
          bh_walls_and_bars
Bailey:   bailey_polearm_nasty_gnolls, bailey

Skill      XL: |  1  2  3  4  5  6  7  8  9 10 |
---------------+-------------------------------+-----
Axes           | 4 5 6 7 9 11 14 16 17 | 17.9
Fighting       | |  3.7
Armour         | |  2.6
Dodging        | |  2.3

Action                   |  1- 3 |  4- 6 |  7- 9 | 10-12 || total
-------------------------+-------+-------+-------+-------++-------
Melee: Hand axe          |    87 |   119 |    61 |       ||   267
       Headbutt          |    13 |    22 |    43 |     9 ||    87
       War axe           |       |       |   325 |    94 ||   419
       Punch             |       |       |     3 |       ||     3
Invok: Berserk           |       |     1 |     4 |     1 ||     6
       Trog's Hand       |       |       |     1 |     1 ||     2
       Brothers in Arms  |       |       |     1 |     3 ||     4
  Use: Scroll            |       |       |     8 |     3 ||    11
       Potion            |       |       |       |     4 ||     4
 Stab: Sleeping          |     1 |       |       |       ||     1
Armor: Animal skin       |    11 |       |       |       ||    11
       Leather armour    |    22 |     1 |       |       ||    23
       Plate armour      |       |    67 |   206 |    54 ||   327
       Skin              |       |       |       |    13 ||    13
Dodge: Dodged            |    47 |    43 |   101 |    33 ||   224

Table legend: (Time is in decaauts)
 A = Elapsed time spent in this place.
 B = Non-inter-level travel time spent in this place.
 C = Inter-level travel time spent in this place.
 D = Time resting spent in this place.
 E = Time spent auto-exploring this place.
 F = Levels seen in this place.
 G = Mean time per level.
                   A        B        C        D        E       F      G
               +--------+--------+--------+--------+--------+-----+--------+
         Total |   9647 |   9449 |    198 |   1951 |   5992 |  10 |  964.7 |
       Dungeon |   8577 |   8379 |    198 |   1808 |   5371 |   8 | 1072.1 |
         Sewer |    511 |    511 |      0 |      0 |    281 |   1 |  511.0 |
        Bailey |    558 |    558 |      0 |    143 |    339 |   1 |  558.0 |
               +--------+--------+--------+--------+--------+-----+--------+

Top non-repeatable levels by time:
     D:6: 1625 daAuts
     D:7: 1568 daAuts
     D:4: 1529 daAuts
     D:1: 1095 daAuts
     D:2: 969 daAuts
     D:5: 931 daAuts
     D:3: 719 daAuts
  Bailey: 558 daAuts
   Sewer: 511 daAuts
     D:8: 139 daAuts
